 Dungeon Crawl Stone Soup version 0.19.4-12-gccf7e64 (webtiles) character file.

123 Magnus the Grave Robber (level 4, -14/30 HPs)
             Began as a Demonspawn Necromancer on Feb 28, 2017.
             Killed by divine providence
             ... invoked by an orc priest
              (16 damage)
             ... on level 3 of the Dungeon.
             The game lasted 00:09:12 (2374 turns).

Magnus the Grave Robber (Demonspawn Necromancer)    Turns: 2374, Time: 00:09:13

Health: -14/30     AC:  3    Str:  9    XL:     4   Next: 79%
Magic:  0/8        EV: 12    Int: 19    God:
Gold:   146        SH:  0    Dex: 13    Spells: 3 memorised, 2 levels left

rFire  . . .     SeeInvis +     f - +0 short sword
rCold  + . .     Gourm    .     a - +1 robe
rNeg   . . .     Faith    .     (no shield)
rPois  .         Spirit   .     (no helmet)
rElec  .         Reflect  .     (no cloak)
rCorr  .         Harm     .     (no gloves)
MR     .....                    (no boots)
Stlth  ++........               (no amulet)
                                p - ring of see invisible
                                o - +2 ring of intelligence

@: no status effects
A: cold resistance 1, sturdy frame 1
a: no special abilities


You were on level 3 of the Dungeon.
You were hungry.

You visited 1 branch of the dungeon, and saw 3 of its levels.

You collected 146 gold pieces.

Inventory:

Hand Weapons
 f - a +0 short sword (weapon)
Armour
 a - a +1 robe (worn)
Magical Staves
 u - an uncursed staff of summoning
Jewellery
 d - a cursed -3 ring of intelligence
 i - an uncursed ring of resist corrosion {unknown}
 o - a +2 ring of intelligence (left hand)
 p - a ring of see invisible (right hand)
Scrolls
 h - a scroll of recharging {unknown}
 r - 3 scrolls of magic mapping {unknown}
Potions
 e - a potion of might
 g - a potion of cure mutation
 k - 2 potions of mutation
 m - a potion of agility {unknown}
 q - 2 potions of brilliance
 t - a potion of lignification {unknown}
Books
 b - a book of Necromancy

   Spells                             Type                      Level
   a - Pain                           Necromancy                   1
   b - Animate Skeleton               Necromancy                   1
   c - Vampiric Draining              Necromancy                   3
   d - Regeneration                   Charms/Necromancy            3
   e - Animate Dead                   Necromancy                   4
   f - Control Undead                 Necromancy                   4
 j - a book of Changes

   Spells                             Type                      Level
   a - Beastly Appendage              Transmutation                1
   b - Sticks to Snakes               Transmutation                2
   c - Spider Form                    Transmutation/Poison         3
   d - Ice Form                       Ice/Transmutation            4
   e - Blade Hands                    Transmutation                5
Comestibles
 c - 3 bread rations
 l - 3 slices of pizza
 n - 3 chunks of flesh


   Skills:
 - Level 1.7 Dodging
 - Level 1.7 Stealth
 + Level 3.3 Spellcasting
 + Level 5.9 Necromancy


You had 2 spell levels left.
You knew the following spells:

 Your Spells              Type           Power        Failure   Level  Hunger
a - Pain                  Necr           ####         1%          1    None
b - Vampiric Draining     Necr           ####......   4%          3    ###....
c - Regeneration          Chrm/Necr      ##........   14%         3    ###....


Dungeon Overview and Level Annotations

Branches:
Dungeon (3/15)

Altars:


Innate Abilities, Weirdness & Mutations

Your flesh is cold resistant. (rC+)
Your movements are slightly less encumbered by armour. (ER -2)


Message History

The orc priest writhes in agony!
Casting: Pain
Confirm with . or Enter, or press ? or * to list all spells.
Aiming: Pain
Press: ? - help, Shift-Dir - straight line, f/p - orc priest
Aim: an orc priest, wielding a short sword (heavily wounded, chance to defeat MR: 84%)
The orc priest barely resists.
The orc priest hits you with a short sword.
* * * LOW HITPOINT WARNING * * *
Okay, then.
You hit the orc priest.
The orc priest is severely wounded.
The orc priest hits you with a short sword.
* * * LOW HITPOINT WARNING * * *
You hit the orc priest.
The orc priest is severely wounded.
The orc priest calls down the wrath of Beogh upon you.
Beogh smites you!
Ouch! That really hurt!
You die...

.... #.... #..# ###.#..
#..###....... #†... .......
#...##.... ## ...######
#...#......#.
#......####..#.# #...
######.........####...
#.o@.....#...#.....( ###
#.######.....#......
.....#####.#######...#..#....
....oo.o(o...................
...o..#####.............##.##
..... .........(.####.## ....
##........(####.## ...
#................ ..
...............##


You could see an orc priest.

Vanquished Creatures
  4 adders
  2 worms
  2 dart slugs
  2 leopard geckos (D:2)
  4 orcs (D:3)
  6 bats
  17 giant cockroaches
  4 hobgoblins
  8 kobolds
  A ball python (D:3)
  3 frilled lizards
  6 goblins
  12 rats
71 creatures vanquished.

Notes
Turn   | Place    | Note
-------+----------+-------------------------------------------
     0 | D:1      | Magnus the Demonspawn Necromancer began the quest for the Orb.
     0 | D:1      | Reached XP level 1. HP: 13/13 MP: 3/3
   311 | D:1      | Gained mutation: Your flesh is cold resistant. (rC+) [demonic ancestry]
   311 | D:1      | Reached XP level 2. HP: 18/19 MP: 1/5
   847 | D:2      | Reached skill level 5 in Necromancy
   941 | D:2      | Gained mutation: Your movements are slightly less encumbered by armour. (ER -2) [demonic ancestry]
   941 | D:2      | Reached XP level 3. HP: 22/24 MP: 2/6
  1358 | D:2      | Learned a level 3 spell: Vampiric Draining
  1362 | D:2      | Learned a level 3 spell: Regeneration
  1486 | D:2      | Reached XP level 4. HP: 28/30 MP: 5/8
  2374 | D:3      | Killed from afar by an orc priest

Skill      XL: |  1  2  3  4 |
---------------+-------------+-----
Necromancy     | 5 |  5.9
Spellcasting   | 3 |  3.3
Dodging        | |  1.7
Stealth        | |  1.7

Action                   |  1- 3 |  4- 6 || total
-------------------------+-------+-------++-------
Melee: Short sword       |     2 |     2 ||     4
 Cast: Pain              |    55 |    65 ||   120
  Use: Scroll            |       |    10 ||    10
  Eat: Chunk             |     2 |     2 ||     4
Armor: Robe              |       |     1 ||     1
Dodge: Dodged            |     6 |     7 ||    13
